 Dungeon Crawl Stone Soup version 0.29.1-15-g9cfb28693d (webtiles) character file.

Game seed: 3609611080261478575

66717 Renzlar the Blocker (level 15, -44/120 HPs)
             Began as a Gnoll Fighter on Apr 5, 2023.
             Was the Champion of Okawaru.
             Annihilated by a very large slime creature (53 damage)
             ... on level 12 of the Dungeon on Apr 7, 2023.
             The game lasted 01:41:39 (18935 turns).

Renzlar the Blocker (Gnoll Fighter)                Turns: 18935, Time: 01:41:40

Health: -44/120    AC: 20    Str: 20    XL:     15   Next: 20%
Magic:  29/29      EV: 15    Int: 14    God:    Okawaru [******]
Gold:   888        SH:  7    Dex: 14    Spells: 8/34 levels left

rFire   + . .      SeeInvis +   c - +7 hand crossbow "Fivudghea" {venom, rC+ rN+ Str-4 SInv}
rCold   + . .      Faith    .   C - +0 buckler
rNeg    + . .      Spirit   .   n - +1 ring mail {rF+}
rPois   .          Reflect  .   v - +0 helmet
rElec   .          Harm     .   k - +1 cloak
rCorr   .          Rampage  .   H - +2 pair of gloves {Dex+3}
Will    +....                   W - +3 pair of boots of Fortitude {Str+3 Int+4}
Stlth   ++++......              q - amulet of regeneration
HPRegen 1.10/turn               z - +4 ring of slaying
MPRegen 0.21/turn               A - +4 ring of slaying

@: no status effects
A: fangs 1, strong nose, distributed training
a: Renounce Religion, Heroism, Finesse, Duel


You were on level 12 of the Dungeon.
You worshipped Okawaru.
Okawaru was exalted by your worship.
You visited 3 branches of the dungeon, and saw 19 of its levels.
You also visited: Volcano.

You collected 1248 gold pieces.
You spent 360 gold pieces at shops.

Inventory:

Hand Weapons
 a - a +1 war axe
 b - a +4 scimitar of flaming
 c - the +7 hand crossbow "Fivudghea" (weapon) {venom, rC+ rN+ Str-4 SInv}
   (Okawaru gifted it to you on level 3 of the Lair of Beasts)

   Any ammunition fired from it poisons the flesh of those it strikes.
   Str:       It affects your strength (-4).
   rC:        It protects you from cold.
   rN:        It protects you from negative energy.
   SInv:      It lets you see invisible.
 d - a +3 demon trident of electrocution
 e - the +6 falchion of Cowardice {speed, SInv}
   (You bought it in a shop on level 6 of the Dungeon)

   Attacks with this weapon are significantly faster.
   SInv:      It lets you see invisible.
 o - the +4 dagger "Sameokhu" {holy, Dex+3}
   (Okawaru gifted it to you in a volcano)

   It has been blessed by the Shining One to cause great damage to the undead
   and demons.
   Dex:       It affects your dexterity (+3).
 x - a +4 antimagic flail
 U - a +2 double sword
Missiles
 g - 19 poisoned darts
 t - a throwing net
 G - 7 silver javelins
 K - 16 javelins
Armour
 k - a +1 cloak (worn)
 n - a +1 ring mail of fire resistance (worn)
 v - a +0 helmet (worn)
 w - the +1 robe of Optimism {SInv}
   (You found it on level 5 of the Dungeon)

   SInv:      It lets you see invisible.
 C - a +0 buckler (worn)
 H - a +2 pair of gloves of dexterity (worn)
 W - the +3 pair of boots of Fortitude (worn) {Str+3 Int+4}
   (Okawaru gifted it to you on level 4 of the Lair of Beasts)

   Str:       It affects your strength (+3).
   Int:       It affects your intelligence (+4).
Jewellery
 q - an amulet of regeneration (around neck)
 s - a ring of ice
 z - a +4 ring of slaying (left hand)
 A - a +4 ring of slaying (right hand)
 Q - a ring of see invisible
 R - a ring of fire
 S - a ring of resist corrosion
Wands
 m - a wand of flame (91)
 y - a wand of paralysis (11)
 I - a wand of acid (19)
 O - a wand of mindburst (11)
 T - a wand of digging (2)
 Y - a wand of iceblast (3)
Scrolls
 p - 3 scrolls of amnesia
 r - 3 scrolls of teleportation
 B - a scroll of fog
 J - 8 scrolls of identify
 L - a scroll of blinking
 X - a scroll of enchant weapon
Potions
 f - a potion of invisibility
 h - 7 potions of curing
 i - 3 potions of flight
 j - a potion of resistance
 l - 4 potions of magic
 u - a potion of haste
 D - 3 potions of might
 E - 3 potions of cancellation
 F - 3 potions of mutation
 M - 2 potions of berserk rage
 P - 2 potions of heal wounds
 V - 3 potions of lignification
Miscellaneous
 N - a lightning rod (4/4)


   Skills:
 + Level 12.1 Fighting
 + Level 10.2 Short Blades
 + Level 10.2 Long Blades
 + Level 11.2 Axes
 + Level 10.2 Maces & Flails
 + Level 10.2 Polearms
 + Level 10.2 Staves
 + Level 10.2 Ranged Weapons
 + Level 10.2 Throwing
 + Level 12.1 Armour
 + Level 10.2 Dodging
 + Level 10.2 Stealth
 + Level 12.1 Shields
 + Level 10.2 Unarmed Combat
 + Level 10.2 Spellcasting
 + Level 8.6 Conjurations
 + Level 8.6 Hexes
 + Level 8.6 Summonings
 + Level 8.6 Necromancy
 + Level 8.6 Translocations
 + Level 8.6 Transmutations
 + Level 8.6 Fire Magic
 + Level 8.6 Ice Magic
 + Level 8.6 Air Magic
 + Level 8.6 Earth Magic
 + Level 8.6 Poison Magic
 + Level 11.1 Invocations
 + Level 10.2 Evocations


You had 8 spell levels left.
You knew the following spells:

 Your Spells              Type           Power      Damage    Failure   Level
a - Blink                 Tloc           62%        N/A       1%          2
b - Sticky Flame          Conj/Fire      31%        2d5       4%          4
c - Cause Fear            Hex            15%        N/A       4%          4
d - Portal Projectile     Hex/Tloc       62%        N/A       1%          3
e - Freezing Cloud        Conj/Ice/Air   15%        6-21      14%         5
f - Yara's Violent Unrav  Hex/Tmut       15%        3d8       14%         5
g - Ignite Poison         Fire/Tmut/Pois 31%        N/A       1%          3

Your spell library contained the following spells:

 Spells                   Type           Power      Damage    Failure   Level
 Magic Dart               Conj           100%       1d8       1%          1
 Scorch                   Fire           62%        2d8       1%          2
 Searing Ray              Conj           62%        2d6       1%          2
 Static Discharge         Conj/Air       31%        3-7/arc   1%          2
 Inner Flame              Hex/Fire       31%        N/A       1%          3
 Lesser Beckoning         Tloc           31%        N/A       1%          3
 Mephitic Cloud           Conj/Pois/Air  31%        N/A       1%          3
 Dispel Undead            Necr           31%        3d14      4%          4
 Flame Wave               Conj/Fire      31%        2d9       4%          4
 Fulminant Prism          Conj/Hex       15%        3d11      4%          4
 Leda's Liquefaction      Hex/Erth       15%        N/A       4%          4
 Passage of Golubria      Tloc           31%        N/A       4%          4
 Blade Hands              Tmut           15%        N/A       14%         5
 Manifold Assault         Tloc           31%        N/A       14%         5
 Storm Form               Tmut/Air       15%        N/A       99%         7
 Discord                  Hex            15%        N/A       100%        8
 Maxwell's Capacitive Co  Air            15%        ∞         100%        8
 Summon Small Mammal      Summ           Unusable   N/A       N/A         1
 Call Imp                 Summ           Unusable   N/A       N/A         2
 Call Canine Familiar     Summ           Unusable   N/A       N/A         3
 Summon Guardian Golem    Hex/Summ       Unusable   N/A       N/A         3
 Tukima's Dance           Hex            Unusable   N/A       N/A         3
 Summon Lightning Spire   Summ/Air       Unusable   N/A       N/A         4
 Summon Cactus Giant      Summ           Unusable   N/A       N/A         6

Dungeon Overview and Level Annotations

Branches:
Dungeon (13/15)            Temple (1/1) D:6            Lair (5/5) D:8
 Shoals (0/4) Lair:2       Spider (0/4) Lair:3        Slime (0/5) Lair:5
    Orc (0/2) D:10        Volcano (visited)
 Vaults: D:13-14

Altars:
Ashenzari
Cheibriados
Dithmenos
Elyvilon
Fedhas
Gozag
Hepliaklqana
Kikubaaqudgha
Nemelex Xobeh
Okawaru
Qazlal
Ru
Sif Muna
Trog
Vehumet
Wu Jian
Yredelemnul
Zin
Jiyva

Shops:
D:3 ?   D:6 ***!   D:8 :   D:9 (


Innate Abilities, Weirdness & Mutations

You have very sharp teeth.
Your uncanny sense of smell can sniff out nearby items.
Your experience applies equally to all skills.


Message History

The very large slime creature hits you.
You shoot a bolt.
The bolt hits the very large slime creature.
The very large slime creature is moderately wounded.
The very large slime creature closely misses you.
You block the very large slime creature's attack.
You shoot a bolt.
The bolt hits the very large slime creature!
The very large slime creature is poisoned.
The very large slime creature is moderately wounded.
You block the very large slime creature's attack.
You shoot a bolt.
The bolt hits the very large slime creature!
The very large slime creature is moderately wounded.
The very large slime creature hits you.
The very large slime creature hits you!!
Unknown command.
You shoot a bolt.
The bolt completely misses the very large slime creature.
The very large slime creature barely misses you.
You shoot a bolt.
The bolt hits the very large slime creature!!
The very large slime creature is heavily wounded.
The very large slime creature hits you!!!
* * * LOW HITPOINT WARNING * * *
Unknown command.
You feel much better.
The very large slime creature barely misses you.
You are too injured to fight recklessly!
Fire: c) +7 hand crossbow "Fivudghea" {venom, rC+ rN+ Str-4 SInv}
Press: ? - help, Q - select action, (/) - cycle Shift-Dir - straight line, f/p - very large slime creature
Aim: a very large slime creature (heavily wounded, very poisoned, 90% to hit)
You shoot a bolt.
The bolt hits the very large slime creature.
The very large slime creature looks as sick as possible!
The very large slime creature is heavily wounded.
The very large slime creature hits you!!!
* * * LOW HITPOINT WARNING * * *
The very large slime creature hits you!!!
You die...

#.######........#J...#..........
#.# #....###†#....#.#..######
#.######....# #.#<...#.#..#.....
#...........# #.######.#..#.....
#....#####..###.# #.#..#....#
#....#...#......# #....#....#
#.#..#...#......# #..........
#....#...#..###J# #..........
#....#...#..###@# ##...###...#
#....#...#......# ##...##⌠##...
#....#...'......####...##...##..
#....#...########.....##.....##.
#....#.........##.....#⌠..♣...'.
#.#..#.........##.....##.....##.
#.#..'...####'###......##...##..
#.#..#...#......#.......##⌠##...
#.#..#...#.##...######...###....


You could see a very large slime creature (extremely poisoned).

Vanquished Creatures
  Gastronok (D:9)
  Nessos (Arena)
  The ghost of tizbic2 the Skirmisher, a journeyman GnHu of Okawaru (D:12)
  5 hydras
  A boulder beetle (Lair:3)
  Fannar (D:8)
  An ogre mage (Volcano)
  4 catoblepae
  6 two-headed ogres
  Urug (Lair:3)
  12 death yaks
  A hell knight (Volcano)
  Nergalle (D:12)
  An ugly thing (D:12)
  2 oklob plants (Lair:5)
  A cyclops (D:9)
  A deep elf pyromancer (D:12)
  2 manticores (Lair:5)
  11 elephants
  5 black mambas
  A torpor snail (Lair:4)
  A gargoyle (D:11)
  7 cane toads
  An unseen horror (D:10)
  An efreet (D:12)
  6 komodo dragons
  8 rime drakes
  Psyche (D:12)
  A meliai (Lair:3)
  6 polar bears
  4 trolls
  Grinder (D:5)
  3 hornets (D:9)
  8 slime creatures
  8 blink frogs
  A vampire (D:12)
  97 yaks
  3 wraiths
  6 wyverns
  A shadow (D:12)
  8 basilisks
  A steam dragon (D:9)
  Menkaure (D:7)
  2 acid dragons
  A floating eye (Lair:5)
  14 water moccasins
  Duvessa (D:7)
  2 ice beasts
  2 orc warriors
  2 black bears
  5 ogres
  10 wolves (Lair:2)
  3 centaurs
  2 phantoms (D:6)
  2 kobold brigands
  A necrophage (D:6)
  10 bullfrogs
  2 gnoll sergeants
  11 wights
  Dowan (D:7)
  17 killer bees
  A howler monkey (D:8)
  An electric eel (Lair:3)
  Crazy Yiuf (D:2)
  5 hounds
  14 orc priests
  Ijyb (D:3)
  Terence (D:2)
  An iguana (D:4)
  11 orc wizards
  2 hell rats (Lair:3)
  5 gnolls (D:7)
  7 adders
  2 ufetubi
  4 dart slugs (D:1)
  51 orcs
  7 ball pythons
  6 endoplasms
  7 giant cockroaches
  8 goblins
  6 hobgoblins
  4 jackals
  2 quokkas
  4 bats
  4 frilled lizards
  14 kobolds
  10 rats
501 creatures vanquished.

Vanquished Creatures (others)
  2 bushes (Lair:5)
  14 fungi
  46 plants
62 creatures vanquished.

Grand Total: 563 creatures vanquished

Notes
Turn   | Place    | Note
-------+----------+-------------------------------------------
     0 | D:1      | Renzlar the Gnoll Fighter began the quest for the Orb.
     0 | D:1      | Reached XP level 1. HP: 23/23 MP: 1/1
   229 | D:1      | Reached XP level 2. HP: 29/29 MP: 2/2
   297 | D:1      | Found a faded altar of an unknown god.
   425 | D:1      | Reached XP level 3. HP: 30/35 MP: 3/3
   583 | D:1      | Reached skill level 1 in Invocations
  1092 | D:2      | Reached skill level 1 in Short Blades
  1092 | D:2      | Reached skill level 1 in Long Blades
  1092 | D:2      | Reached skill level 1 in Maces & Flails
  1092 | D:2      | Reached skill level 1 in Polearms
  1092 | D:2      | Reached skill level 1 in Staves
  1092 | D:2      | Reached skill level 1 in Ranged Weapons
  1092 | D:2      | Reached skill level 1 in Throwing
  1092 | D:2      | Reached skill level 1 in Dodging
  1092 | D:2      | Reached skill level 1 in Stealth
  1092 | D:2      | Reached skill level 1 in Unarmed Combat
  1092 | D:2      | Reached skill level 1 in Spellcasting
  1092 | D:2      | Reached skill level 1 in Evocations
  1457 | D:2      | Found a basalt altar of Yredelemnul.
  1482 | D:2      | You fall into a shaft and drop 1 floor!
  1509 | D:3      | Reached XP level 4. HP: 41/41 MP: 5/5
  1610 | D:2      | Noticed Terence
  1618 | D:2      | Killed Terence
  1619 | D:2      | Reached skill level 1 in Conjurations
  1619 | D:2      | Reached skill level 1 in Hexes
  1619 | D:2      | Reached skill level 1 in Summonings
  1619 | D:2      | Reached skill level 1 in Necromancy
  1619 | D:2      | Reached skill level 1 in Translocations
  1619 | D:2      | Reached skill level 1 in Transmutations
  1619 | D:2      | Reached skill level 1 in Fire Magic
  1619 | D:2      | Reached skill level 1 in Ice Magic
  1619 | D:2      | Reached skill level 1 in Air Magic
  1619 | D:2      | Reached skill level 1 in Earth Magic
  1619 | D:2      | Reached skill level 1 in Poison Magic
  1915 | D:2      | Found a runed translucent door.
  1916 | D:2      | Noticed Crazy Yiuf
  1928 | D:2      | Killed Crazy Yiuf
  1929 | D:2      | Reached XP level 5. HP: 10/47 MP: 1/7
  2620 | D:3      | Found Zaewn's Magic Scroll Emporium.
  2627 | D:3      | Reached XP level 6. HP: 45/53 MP: 8/8
  2725 | D:3      | Noticed Ijyb
  2737 | D:3      | Killed Ijyb
  2738 | D:3      | Reached skill level 5 in Axes
  3786 | D:4      | Reached XP level 7. HP: 56/60 MP: 10/10
  4312 | D:5      | Entered Level 5 of the Dungeon
  4460 | D:5      | Reached XP level 8. HP: 15/67 MP: 12/12
  4599 | D:5      | Learned a level 2 spell: Blink
  4716 | D:5      | Found a blossoming altar of Fedhas.
  4767 | D:5      | Noticed Grinder
  4794 | D:5      | Killed Grinder
  4978 | D:5      | Identified the +1 robe of Optimism {SInv}
  5062 | D:6      | Found a staircase to the Ecumenical Temple.
  5068 | Temple   | Entered the Ecumenical Temple
  5186 | Temple   | Became a worshipper of Warmaster Okawaru
  5324 | D:6      | Found Ehybuev's Assorted Antiques.
  5376 | D:6      | Bought a jewelled fluorescent wand for 120 gold pieces
  5435 | D:6      | Reached XP level 9. HP: 73/73 MP: 14/14
  5436 | D:6      | Found Coxeke's Assorted Antiques.
  5489 | D:6      | Found Ufareej's Assorted Antiques.
  5689 | D:6      | Found Liemaick's Distillery.
  5914 | D:7      | Noticed Dowan
  5927 | D:7      | Killed Dowan
  5927 | D:7      | Reached * piety under Okawaru
  5952 | D:7      | Noticed Duvessa
  5958 | D:7      | Killed Duvessa
  6032 | D:7      | Noticed Menkaure
  6041 | D:7      | Killed Menkaure
  6219 | D:6      | Reached skill level 5 in Invocations
  6782 | D:8      | Reached ** piety under Okawaru
  6812 | D:7      | Reached skill level 5 in Short Blades
  6812 | D:7      | Reached skill level 5 in Long Blades
  6812 | D:7      | Reached skill level 5 in Maces & Flails
  6812 | D:7      | Reached skill level 5 in Polearms
  6812 | D:7      | Reached skill level 5 in Staves
  6812 | D:7      | Reached skill level 5 in Ranged Weapons
  6812 | D:7      | Reached skill level 5 in Throwing
  6812 | D:7      | Reached skill level 5 in Dodging
  6812 | D:7      | Reached skill level 5 in Stealth
  6812 | D:7      | Reached skill level 5 in Unarmed Combat
  6812 | D:7      | Reached skill level 5 in Spellcasting
  6812 | D:7      | Reached skill level 5 in Evocations
  6812 | D:7      | Reached XP level 10. HP: 63/81 MP: 17/17
  6862 | D:8      | Found a broken altar of Ashenzari.
  6905 | D:8      | Reached *** piety under Okawaru
  7047 | D:8      | Found Xineot's Book Shoppe.
  7109 | D:6      | Bought a steaming falchion for 240 gold pieces
  7109 | D:6      | Identified the +6 falchion of Cowardice {speed, SInv} (You
                  | bought it in a shop on level 6 of the Dungeon)
  7467 | D:8      | Found a staircase to the Lair.
  7467 | D:8      | Noticed an elephant
  7484 | D:8      | Killed an elephant
  7962 | D:9      | Found Sudi's Weapon Emporium.
  7993 | D:9      | Reached **** piety under Okawaru
  7993 | D:9      | Received a gift from Okawaru
  8027 | D:9      | Noticed Gastronok
  8051 | D:9      | HP: 1/123 [Gastronok (19)]
  8052 | D:9      | Killed Gastronok
  8053 | D:9      | Reached skill level 5 in Conjurations
  8053 | D:9      | Reached skill level 5 in Hexes
  8053 | D:9      | Reached skill level 5 in Summonings
  8053 | D:9      | Reached skill level 5 in Necromancy
  8053 | D:9      | Reached skill level 5 in Translocations
  8053 | D:9      | Reached skill level 5 in Transmutations
  8053 | D:9      | Reached skill level 5 in Fire Magic
  8053 | D:9      | Reached skill level 5 in Ice Magic
  8053 | D:9      | Reached skill level 5 in Air Magic
  8053 | D:9      | Reached skill level 5 in Earth Magic
  8053 | D:9      | Reached skill level 5 in Poison Magic
  8053 | D:9      | Reached XP level 11. HP: 3/89 MP: 6/20
  8210 | D:9      | Learned a level 4 spell: Sticky Flame
  8215 | D:9      | Learned a level 4 spell: Cause Fear
  8292 | D:9      | Reached ***** piety under Okawaru
  8365 | D:9      | Received a gift from Okawaru
  8595 | D:9      | Noticed a cyclops
  8609 | D:9      | Noticed a two-headed ogre
  8630 | D:9      | Killed a two-headed ogre
  8695 | D:9      | Received a gift from Okawaru
  8738 | D:9      | Killed a cyclops
  8744 | D:9      | Received a gift from Okawaru
  8798 | D:9      | Identified the +5 sling of Koxzous {freeze, rElec}
  8891 | D:9      | Learned a level 3 spell: Portal Projectile
  9033 | D:10     | Entered Level 10 of the Dungeon
  9483 | D:10     | Found a staircase to the Orcish Mines.
  9526 | D:10     | Received a gift from Okawaru
 10127 | D:11     | Reached XP level 12. HP: 97/97 MP: 22/22
 10167 | D:11     | Noticed a two-headed ogre
 10174 | D:11     | Killed a two-headed ogre
 10384 | D:11     | Received a gift from Okawaru
 11087 | Lair:1   | Entered Level 1 of the Lair of Beasts
 11110 | Lair:1   | Found a dark tunnel.
 11121 | Volcano  | Entered a volcano
 11143 | Volcano  | Noticed a two-headed ogre
 11143 | Volcano  | Noticed a hell knight
 11158 | Volcano  | Killed a hell knight
 11165 | Volcano  | Killed a two-headed ogre
 11165 | Volcano  | Identified the +4 dagger "Sameokhu" {holy, Dex+3} (Okawaru
                  | gifted it to you in a volcano)
 11165 | Volcano  | Received a gift from Okawaru
 11166 | Volcano  | Reached skill level 10 in Fighting
 11166 | Volcano  | Reached skill level 10 in Armour
 11166 | Volcano  | Reached skill level 10 in Shields
 11179 | Volcano  | Identified the +0 pair of gloves of Itaagraf {SInv}
 11227 | Volcano  | Noticed a two-headed ogre
 11237 | Volcano  | Killed a two-headed ogre
 11272 | Volcano  | Noticed a two-headed ogre
 11273 | Volcano  | Noticed a two-headed ogre
 11285 | Volcano  | Killed a two-headed ogre
 11285 | Volcano  | Reached ****** piety under Okawaru
 11355 | Volcano  | Killed a two-headed ogre
 11357 | Volcano  | Noticed an ogre mage
 11366 | Volcano  | Killed an ogre mage
 11477 | Lair:1   | Received a gift from Okawaru
 11551 | Lair:1   | Identified the +0 robe of the Bellicose Locust {Int+2}
 11723 | Lair:1   | Noticed Fannar
 11939 | D:8      | Killed Fannar
 12578 | Lair:2   | Reached XP level 13. HP: 100/104 MP: 25/25
 12582 | Lair:2   | Received a gift from Okawaru
 12635 | Lair:2   | Found a staircase to the Shoals.
 12669 | Lair:2   | Received a gift from Okawaru
 12994 | Lair:2   | Found a shadowy altar of Dithmenos.
 13308 | Lair:3   | Noticed Urug
 13321 | Lair:3   | Killed Urug
 13451 | Lair:3   | Found a hole to the Spider Nest.
 13675 | Lair:3   | Received a gift from Okawaru
 13779 | Lair:3   | Noticed Nessos
 13794 | Arena    | Entered the Arena
 13810 | Arena    | Killed Nessos
 13951 | Lair:3   | Reached skill level 10 in Axes
 13969 | Lair:3   | Learned a level 5 spell: Freezing Cloud
 14337 | Lair:3   | Identified the +7 hand crossbow "Fivudghea" {venom, rC+ rN+
                  | Str-4 SInv} (Okawaru gifted it to you on level 3 of the
                  | Lair of Beasts)
 14337 | Lair:3   | Received a gift from Okawaru
 14784 | Lair:4   | Reached XP level 14. HP: 113/113 MP: 27/27
 14809 | Lair:4   | Reached skill level 10 in Invocations
 15141 | Lair:4   | Identified the +3 pair of boots of Fortitude {Str+3 Int+4}
                  | (Okawaru gifted it to you on level 4 of the Lair of Beasts)
 15141 | Lair:4   | Received a gift from Okawaru
 15481 | Lair:5   | Entered Level 5 of the Lair of Beasts
 15765 | Lair:5   | Learned a level 5 spell: Yara's Violent Unravelling
 16317 | Lair:5   | Identified the +10 crystal plate armour of Wonder {Str+2}
                  | (Okawaru gifted it to you on level 5 of the Lair of Beasts)
 16317 | Lair:5   | Received a gift from Okawaru
 16670 | Lair:5   | Found a staircase to the Slime Pits.
 16674 | Lair:5   | Found a viscous altar of Jiyva.
 17044 | Lair:5   | Reached skill level 10 in Short Blades
 17044 | Lair:5   | Reached skill level 10 in Long Blades
 17044 | Lair:5   | Reached skill level 10 in Maces & Flails
 17044 | Lair:5   | Reached skill level 10 in Polearms
 17044 | Lair:5   | Reached skill level 10 in Staves
 17044 | Lair:5   | Reached skill level 10 in Ranged Weapons
 17044 | Lair:5   | Reached skill level 10 in Throwing
 17044 | Lair:5   | Reached skill level 10 in Dodging
 17044 | Lair:5   | Reached skill level 10 in Stealth
 17044 | Lair:5   | Reached skill level 10 in Unarmed Combat
 17044 | Lair:5   | Reached skill level 10 in Spellcasting
 17044 | Lair:5   | Reached skill level 10 in Evocations
 17164 | Lair:5   | Reached XP level 15. HP: 120/120 MP: 21/29
 17343 | Lair:5   | Learned a level 3 spell: Ignite Poison
 17790 | D:12     | Noticed Nergalle
 17794 | D:12     | Killed Nergalle
 18199 | D:12     | Found a runed translucent door.
 18202 | D:12     | Noticed tizbic2's ghost (journeyman GnHu)
 18221 | D:12     | Killed tizbic2's ghost
 18398 | D:12     | Noticed Psyche
 18407 | D:12     | Killed Psyche
 18935 | D:12     | Annihilated by a very large slime creature

Illustrated notes

Levels and vault maps discovered:
D:1:      giann_forest_graveyard, layout_loops_ring,
          hellmonk_ecumenical_altar_zigzags, corexii_corridor_pit
D:2:      layout_loops_ring, basic_altar, uniq_crazy_yiuf_cottage, uniq_terence
D:3:      layout_loops_ring, serial_shops,
          nicolae_shop_competitors_out_of_business, minmay_misc_feat_encased,
          roderic_roman_lattice, uniq_ijyb
D:4:      layout_rooms, grunt_ministairs_12
D:5:      layout_rooms, mainiacjoe_overflow_tiny_flanked, kennysheep_nub,
          uniq_grinder
D:6:      layout_gridville, temple_green, serial_shops, shop_fountains,
          kennysheep_little_box, nicolae_shop_crystal,
          nicolae_inconvenience_store
D:7:      layout_loops_ring, uniq_duvessa, uniq_menkaure
D:8:      minmay_curly_fans, layout_loops_corners, nicolae_ashenzari_panopticon,
          david_lair_generic, serial_shops, shop
D:9:      minmay_clustersquares, layout_loops_ring, serial_shops,
          nicolae_shop_trees, uniq_gastronok
D:10:     layout_stronghold, minmay_orc_entry_temple_small, minmay_misc_feat_chi
D:11:     layout_layer_cave
D:12:     layout_stronghold, hellmonk_ghost_happy_afterlife, hive_lemuel,
          uniq_nergalle, uniq_psyche
D:13:     minmay_weird_star, layout_basic,
          hangedman_vaults_entry_quadrant_bands, gauntlet_entry_generic,
          uniq_sonja
Temple:   nicolae_temple_slightly_damp_pantheon
Lair:1:   layout_long_grid, nicolae_volcano_entry_lava_flow, st_stairs_4,
          grunt_megastairs_5, uniq_fannar
Lair:2:   layout_roguey, elwin_shoals_entry_rocks, basic_altar,
          grunt_megastairs_2
Lair:3:   layout_roguey, hellmonk_spider_entry_not_the_bees, special_room
          [special_room_mythical_zoo], cheibrodos_lair_lostbears,
          serial_bayou_shore_a, uniq_urug, uniq_nessos
Lair:4:   layout_cave_pods
Lair:5:   evilmike_catoblepas_cave, layout_small_grid, slime_entry_1,
          disabler_island, infiniplex_staircase_pool_2

Skill      XL: |  1  2  3  4  5  6  7  8  9 10 11 12 13 14 15 |
---------------+----------------------------------------------+-----
Invocations    | 1 2 3 4 5 6 7 8 9 10 11 | 11.1
Short Blades   | 1 2 3 5 6 7 8 9 10 | 10.2
Long Blades    | 1 2 3 5 6 7 8 9 10 | 10.2
Maces & Flails | 1 2 3 5 6 7 8 9 10 | 10.2
Polearms       | 1 2 3 5 6 7 8 9 10 | 10.2
Staves         | 1 2 3 5 6 7 8 9 10 | 10.2
Ranged Weapons | 1 2 3 5 6 7 8 9 10 | 10.2
Throwing       | 1 2 3 5 6 7 8 9 10 | 10.2
Dodging        | 1 2 3 5 6 7 8 9 10 | 10.2
Stealth        | 1 2 3 5 6 7 8 9 10 | 10.2
Unarmed Combat | 1 2 3 5 6 7 8 9 10 | 10.2
Spellcasting   | 1 2 3 5 6 7 8 9 10 | 10.2
Evocations     | 1 2 3 5 6 7 8 9 10 | 10.2
Conjurations   | 1 2 3 4 5 6 7 8 |  8.6
Hexes          | 1 2 3 4 5 6 7 8 |  8.6
Summonings     | 1 2 3 4 5 6 7 8 |  8.6
Necromancy     | 1 2 3 4 5 6 7 8 |  8.6
Translocations | 1 2 3 4 5 6 7 8 |  8.6
Transmutations | 1 2 3 4 5 6 7 8 |  8.6
Fire Magic     | 1 2 3 4 5 6 7 8 |  8.6
Ice Magic      | 1 2 3 4 5 6 7 8 |  8.6
Air Magic      | 1 2 3 4 5 6 7 8 |  8.6
Earth Magic    | 1 2 3 4 5 6 7 8 |  8.6
Poison Magic   | 1 2 3 4 5 6 7 8 |  8.6
Axes           | 5 6 7 8 9 10 11 | 11.2
Fighting       | 7 8 9 10 11 12 | 12.1
Armour         | 7 8 9 10 11 12 | 12.1
Shields        | 7 8 9 10 11 12 | 12.1

Action                   |  1- 3 |  4- 6 |  7- 9 | 10-12 | 13-15 || total
-------------------------+-------+-------+-------+-------+-------++-------
Melee: War axe           |   101 |   130 |   212 |     6 |       ||   449
       Bite              |     8 |    17 |    30 |    31 |    47 ||   133
       Long sword        |       |       |    84 |   207 |       ||   291
       Spear             |       |       |    17 |       |       ||    17
       Flail             |       |       |     8 |    17 |       ||    25
       Falchion          |       |       |       |    50 |       ||    50
       Demon trident     |       |       |       |    57 |   231 ||   288
 Fire: Sling             |       |       |       |   145 |    86 ||   231
       Hand crossbow     |       |       |       |       |   410 ||   410
Throw: Dart              |       |     3 |     1 |     4 |       ||     8
       Javelin           |       |       |       |     6 |     2 ||     8
 Cast: Portal Projectile |       |       |       |     1 |    12 ||    13
       Sticky Flame      |       |       |       |       |     3 ||     3
       Freezing Cloud    |       |       |       |       |     2 ||     2
       Cause Fear        |       |       |       |       |     1 ||     1
       Blink             |       |       |       |       |     1 ||     1
Invok: Heroism           |       |       |     1 |     2 |     2 ||     5
       Duel              |       |       |       |       |     1 ||     1
Evoke: Wand              |       |       |     3 |       |       ||     3
  Use: Scroll            |     2 |     3 |    10 |     9 |     6 ||    30
       Potion            |       |       |       |     4 |     4 ||     8
Armor: Scale mail        |    36 |    46 |    78 |       |       ||   160
       Chain mail        |       |     2 |       |       |       ||     2
       Ring mail         |       |       |    57 |   129 |   232 ||   418
Dodge: Dodged            |    32 |    47 |   159 |   196 |   272 ||   706
Block: Buckler           |    15 |    38 |    93 |   116 |   159 ||   421
